 Dungeon Crawl Stone Soup version 0.27-a0-705-ga0013940fb (webtiles) character file.

Game seed: 3944269292111031719

88 tilp the Cudgeller (level 4, -3/44 HPs)
             Began as an Ogre Warper on Mar 22, 2021.
             Was an Initiate of the Shining One.
             Killed by divine providence
             ... invoked by an orc priest
              (10 damage)
             ... on level 3 of the Dungeon.
             The game lasted 00:06:29 (3999 turns).

tilp the Cudgeller (Ogre Warper)                    Turns: 3999, Time: 00:06:30

Health: -3/44      AC:  3    Str: 15    XL:     4   Next: 54%
Magic:  5/7        EV:  9    Int: 15    God:    the Shining One [......]
Gold:   81         SH:  0    Dex:  8    Spells: 5/7 levels left

rFire    . . .     SeeInvis .   b - +0 whip (flame)
rCold    . . .     Faith    .   (no shield)
rNeg     . . .     Spirit   .   t - +0 robe
rPois    +         Reflect  .   (helmet restricted)
rElec    .         Harm     .   (no cloak)
rCorr    .         Rampage  .   (gloves unavailable)
Will     .....                  (boots unavailable)
Stlth    +.........             (no amulet)
HPRegen  0.14/turn              u - ring of poison resistance
MPRegen  0.10/turn              (no ring)

@: glowing
A: large, unfitting armour, tough skin 1
a: Renounce Religion


You were on level 3 of the Dungeon.
You worshipped the Shining One.
The Shining One was noncommittal.
You visited 1 branch of the dungeon, and saw 3 of its levels.

You collected 81 gold pieces.

Inventory:

Hand Weapons
 a - a +0 mace
 b - a +0 whip of flaming (weapon)
 k - a +0 dagger of venom
Missiles
 e - 5 boomerangs of dispersal
 o - 4 boomerangs
 s - 10 poisoned darts (quivered)
Armour
 t - a +0 robe (worn)
 v - a +0 pair of gloves
Jewellery
 u - a ring of poison resistance (right hand)
Scrolls
 d - a scroll of blinking
 g - a scroll of noise {unknown}
 m - a scroll of fear {unknown}
 n - 2 scrolls of vulnerability
 p - a scroll of amnesia {unknown}
 q - 3 scrolls of identify {unknown}
Potions
 c - a potion of magic {unknown}
 f - a potion of curing
 h - a potion of lignification {unknown}
 i - a potion of mutation {unknown}
 j - a potion of cancellation {unknown}
 l - a potion of berserk rage {unknown}
 r - a potion of brilliance {unknown}


   Skills:
 - Level 2.6 Fighting
 + Level 4.2 Maces & Flails
 - Level 1.0 Throwing
 - Level 2.1 Dodging
 - Level 2.4 Spellcasting
 - Level 2.6 Translocations


You had 5 spell levels left.
You knew the following spells:

 Your Spells              Type           Power      Damage    Failure   Level
a - Blink                 Tloc           N/A        N/A       11%         2

Your spell library contained the following spells:

 Spells                   Type           Power      Damage    Failure   Level
 Gell's Gravitas          Tloc           4%         N/A       22%         3
 Lesser Beckoning         Tloc           4%         N/A       22%         3
 Teleport Other           Tloc           9%         N/A       22%         3
 Manifold Assault         Tloc           9%         N/A       56%         4


Dungeon Overview and Level Annotations

Branches:
Dungeon (3/15)

Altars:
The Shining One

Shops:
D:1 =

Annotations:
D:2 1 runed translucent door, Crazy Yiuf


Innate Abilities, Weirdness & Mutations

You are too large for most types of armour.
You have tough skin. (AC +1)


Message History

No target in view!
An orc warrior comes into view. It is wielding a +0 short sword.
The orc warrior shouts!
The orc priest shouts!
The orc warrior moves out of view.
You throw a poisoned dart.
The poisoned dart barely misses the orc priest.
You throw a poisoned dart.
The poisoned dart barely misses the orc warrior.
The orc priest looks satisfied for a moment.
You throw a poisoned dart. The poisoned dart hits the orc warrior.
The orc warrior is poisoned.
The orc warrior closely misses you.
You closely miss the orc warrior. The orc warrior barely misses you.
You hit the orc warrior but do no damage.
The orc warrior is lightly wounded.
The orc warrior hits you with a +0 short sword.
You closely miss the orc warrior.
The orc warrior is lightly wounded.
The orc warrior hits you with a +0 short sword!
You hit the orc warrior but do no damage.
The orc warrior is lightly wounded.
The orc warrior hits you with a +0 short sword.
The orc priest calls upon Beogh to heal the orc warrior.
The orc warrior's wounds heal themselves!
The orc warrior looks more healthy.
The orc warrior throws a boomerang.
The boomerang hits you!!
* * * LOW HITPOINT WARNING * * *
The orc warrior throws a boomerang.
The boomerang hits you.
* * * LOW HITPOINT WARNING * * *
It was a potion of curing.
You feel better.
The orc priest begins to cast a cantrip, but forgets the words!
Okay, then.
The orc warrior throws a boomerang.
The boomerang hits you!
* * * LOW HITPOINT WARNING * * *
Casting: Blink (safe; 11% risk of failure)
Confirm with . or Enter, or press ? or * to list all spells.
You blink.
There is a stone staircase leading down here.
The orc priest invokes the aid of Beogh against you.
Beogh smites you!
You die...

#.# #...# #.... #.# #.###
#(### #.# #.# #.# #.# #.#
#.# #^# #.# #.#
######.######.# #.# #
#...........#.# ######.###
#.####.####.#.#####....†....
#.# #.# #@#.†.....####.###
#.# #.# #.############(##.
#.# #.# #.# #.(.o... #.# #.#
#.# #.##.##. #.# #.####o#
#.##.... #.# #......#
#o###### #.# #####.o# #.#
#.########..#########.#
#...............oo....#


You could see an orc warrior and an orc priest.

Vanquished Creatures
  2 adders
  A worm (D:2)
  A dart slug (D:3)
  4 orcs (D:3)
  3 giant cockroaches
  9 goblins
  7 hobgoblins
  7 oozes
  3 quokkas
  7 ball pythons
  2 bats
  3 frilled lizards
  2 kobolds (D:1)
  A quokka skeleton (D:3)
  5 rats
57 creatures vanquished.

Notes
Turn   | Place    | Note
-------+----------+-------------------------------------------
     0 | D:1      | tilp the Ogre Warper began the quest for the Orb.
     0 | D:1      | Reached XP level 1. HP: 22/22 MP: 3/3
   113 | D:1      | Reached skill level 2 in Maces & Flails
   237 | D:1      | Found Bohu's Jewellery Shop.
   266 | D:1      | Reached XP level 2. HP: 14/29 MP: 5/5
   837 | D:1      | Learned a level 2 spell: Blink
   879 | D:1      | Reached skill level 3 in Maces & Flails
   881 | D:1      | HP: 1/29 [hobgoblin (2)]
  1342 | D:1      | Reached XP level 3. HP: 29/36 MP: 6/6
  2609 | D:2      | Found a runed translucent door.
  2610 | D:2      | Noticed Crazy Yiuf
  2991 | D:3      | Reached XP level 4. HP: 26/44 MP: 7/7
  3170 | D:3      | Found a glowing golden altar of the Shining One.
  3259 | D:3      | Became a worshipper of the Shining One
  3318 | D:3      | Reached skill level 4 in Maces & Flails
  3971 | D:3      | Noticed an orc warrior
  3999 | D:3      | Killed from afar by an orc priest

Illustrated notes

Levels and vault maps discovered:
D:1:      heliophobic_arrival_battle_scene, layout_loops_ring, serial_shops,
          nicolae_shop_statue_plus
D:2:      layout_loops_corners, uniq_crazy_yiuf_cottage
D:3:      layout_loops_ring, overflow_temple_1_default

Skill      XL: |  1  2  3  4 |
---------------+-------------+-----
Maces & Flails | 2 3 4 |  4.2
Fighting       | |  2.6
Throwing       | |  1.0
Dodging        | |  2.1
Spellcasting   | |  2.4
Translocations | |  2.6

Action                   |  1- 3 |  4- 6 || total
-------------------------+-------+-------++-------
Melee: Mace              |   130 |    11 ||   141
       Whip              |       |    39 ||    39
Throw: Dart              |     8 |     3 ||    11
 Cast: Blink             |     1 |     1 ||     2
  Use: Scroll            |     1 |       ||     1
       Potion            |       |     1 ||     1
Armor: Robe              |    34 |     6 ||    40
Dodge: Dodged            |    63 |    18 ||    81

Table legend: (Time is in decaauts)
 A = Elapsed time spent in this place.
 B = Non-inter-level travel time spent in this place.
 C = Inter-level travel time spent in this place.
 D = Time resting spent in this place.
 E = Time spent auto-exploring this place.
 F = Levels seen in this place.
 G = Mean time per level.
                   A        B        C        D        E       F      G
               +--------+--------+--------+--------+--------+-----+--------+
         Total |   4028 |   3944 |     84 |    662 |   2608 |   3 | 1342.7 |
       Dungeon |   4028 |   3944 |     84 |    662 |   2608 |   3 | 1342.7 |
               +--------+--------+--------+--------+--------+-----+--------+

Top non-repeatable levels by time:
     D:1: 1790 daAuts
     D:2: 1338 daAuts
     D:3: 899 daAuts
